 Dungeon Crawl Stone Soup version 0.29-a0-542-g075992c915 (webtiles) character file.

Game seed: 17347867394876371115

537 Ragain the Ruffian (level 7, 0/68 HPs)
             Began as a Troll Monk on June 4, 2022.
             Slain by Duvessa
             ... wielding a +0 short sword
              (13 damage)
             ... on level 4 of the Dungeon.
             The game lasted 00:07:41 (2369 turns).

Ragain the Ruffian (Troll Monk)                     Turns: 2369, Time: 00:07:42

Health: 0/68       AC: -12   Str: 22    XL:     7   Next: 5%
Magic:  6/6        EV: 11    Int:  6    God:
Gold:   231        SH:  0    Dex: 18    Spells: 6/6 levels left

rFire   . . .      SeeInvis .     - Unarmed
rCold   . . .      Faith    .   (no shield)
rNeg    . . .      Spirit   .   a - +0 robe
rPois   .          Reflect  .   (helmet restricted)
rElec   .          Harm     .   (no cloak)
rCorr   .          Rampage  .   (gloves unavailable)
Will    .....                   (boots unavailable)
Stlth   ++........              q - amulet of magic regeneration
HPRegen 1.01/turn               e - ring of wizardry
MPRegen 0.50/turn               r - +6 ring of dexterity

@: corroded
A: large, unfitting armour, claws 3, regeneration 1, shaggy fur 1, tough skin 1
a: no special abilities


You were on level 4 of the Dungeon.
You visited 1 branch of the dungeon, and saw 4 of its levels.

You collected 231 gold pieces.

Inventory:

Missiles
 d - 6 javelins (quivered)
 k - 8 curare-tipped darts
 s - 4 poisoned darts
Armour
 a - a +0 robe (worn)
 l - a +0 scale mail
 w - a +0 plate armour
Jewellery
 e - a ring of wizardry (left claw)
 q - an amulet of magic regeneration (around neck)
 r - a +6 ring of dexterity (right claw)
Wands
 o - a wand of polymorph (7)
 x - a wand of acid (5)
Scrolls
 f - 2 scrolls of identify {unknown}
 g - a scroll of teleportation {unknown}
 h - a scroll of fear {unknown}
 i - 2 scrolls of amnesia {unknown}
 j - a scroll of silence {unknown}
 p - a scroll of fog {unknown}
 t - a scroll of vulnerability {unknown}
 v - a scroll of blinking {unknown}
Potions
 b - 2 potions of ambrosia
 c - 3 potions of mutation {unknown}
 m - 2 potions of heal wounds {unknown}
 n - 3 potions of curing {unknown}
 u - a potion of lignification {unknown}


   Skills:
 * Level 3.7 Fighting
 + Level 1.7 Throwing
 * Level 3.8 Dodging
 * Level 2.3 Stealth
 * Level 4.6 Unarmed Combat


You had 6 spell levels left.
You didn't know any spells.
Your spell library contained the following spells:

 Spells                   Type           Power      Damage    Failure   Level
 Apportation              Tloc           0%         N/A       21%         1
 Summon Small Mammal      Summ           0%         N/A       21%         1
 Call Canine Familiar     Summ           0%         N/A       50%         3
 Summon Guardian Golem    Hex/Summ       0%         N/A       50%         3


Dungeon Overview and Level Annotations

Branches:
Dungeon (4/15)
 Temple: D:4-7

Altars:
Okawaru

Shops:
D:4 =

Annotations:
D:4 Dowan, Duvessa


Innate Abilities, Weirdness & Mutations

You are too large for most types of armour.
You have claws for hands.
Your natural rate of healing is unusually fast.
You are covered in fur. (AC +1)
You have tough skin. (AC +1)


Message History

You open the door.
There is an open door here.
You open the door.
There is an open door here.
You open the door.
There is an open door here.
Dowan, Brother of Duvessa comes into view.
He is wielding a +0 dagger.
Dowan shouts!
You hear a shout!
Duvessa and a jelly come into view.
Duvessa shouts!
You hear an angry hiss.
The jelly quivers.
A hound comes into view.
Found a stone staircase leading up.
An adder comes into view.
The adder hisses angrily.
Dowan points at you and mumbles some strange words.
The puff of flame hits you.
The hound stops to sniff the ground.
You claw Dowan!
Dowan is heavily wounded.
You claw the jelly! The acid corrodes you!
Your claws burn!
The jelly is heavily wounded.
The hound bites you. The jelly hits you. The acid corrodes you!
You are splashed with acid!
The hound bites you.
You scratch the jelly but do no damage. The acid corrodes you!
Your claws burn!
The jelly is heavily wounded.
The hound closely misses you. Duvessa closely misses you. The jelly hits you.
The acid corrodes you!
You are splashed with acid!
Dowan smirks and points a slender finger.
Dowan closely misses you.
You claw the jelly!
You kill the jelly!
The hound bites you. Duvessa hits you with a +0 short sword!
* * * LOW HITPOINT WARNING * * *
Dowan barely misses you.
You have reached level 7!
You scratch the hound but do no damage. The hound bites you.
* * * LOW HITPOINT WARNING * * *
Duvessa hits you with a +0 short sword!
You die...

##### ############...
#.......#....#
###............#
#..............########
#...............e......
##..............@eS.....
.##...........#..h......
..........#####.......<.
.....[...>#####.........
.............##.........
.............##.........
.................#......
###..............#......
.................#


You could see Duvessa, Dowan, a hound and an adder.

Vanquished Creatures
  Grinder (D:3)
  A necrophage (D:4)
  A jelly (D:4)
  2 orc priests
  An iguana (D:4)
  An orc wizard (D:3)
  A gnoll (D:1)
  4 adders
  5 worms
  3 dart slugs
  7 orcs
  5 endoplasms
  4 giant cockroaches
  5 goblins
  4 hobgoblins
  4 jackals (D:2)
  6 kobolds
  2 quokkas
  3 ball pythons
  9 bats
  5 frilled lizards
  5 rats
79 creatures vanquished.

Notes
Turn   | Place    | Note
-------+----------+-------------------------------------------
     0 | D:1      | Ragain the Troll Monk began the quest for the Orb.
     0 | D:1      | Reached XP level 1. HP: 22/22 MP: 0/0
    49 | D:1      | Reached XP level 2. HP: 26/29 MP: 1/1
   319 | D:1      | Reached XP level 3. HP: 33/36 MP: 2/2
   422 | D:1      | Found a faded altar of an unknown god.
   430 | D:1      | Got Plato's Catalogue of Translocation
   635 | D:2      | You fall into a shaft and drop 1 floor!
   730 | D:3      | Reached XP level 4. HP: 44/44 MP: 3/3
  1074 | D:2      | Found an iron altar of Okawaru.
  1080 | D:2      | Reached XP level 5. HP: 53/53 MP: 4/4
  1730 | D:3      | Noticed Grinder
  1743 | D:3      | Paralysed by Grinder for 3 turns
  1746 | D:3      | Killed Grinder
  1747 | D:3      | Reached skill level 1 in Throwing
  1747 | D:3      | Reached skill level 4 in Unarmed Combat
  1747 | D:3      | Reached XP level 6. HP: 38/61 MP: 5/5
  1996 | D:4      | Found Rigih's Jewellery Emporium.
  2361 | D:4      | Noticed Dowan
  2362 | D:4      | Noticed Duvessa
  2369 | D:4      | Reached XP level 7. HP: 15/68 MP: 6/6
  2369 | D:4      | Slain by Duvessa

Illustrated notes

Levels and vault maps discovered:
D:1:      shiori_arrival_oz, layout_rooms, shapermc_ecumenical_altar_rom_forum,
          minmay_hedge_maze, grunt_decor_junction, minmay_hexomino_p4
D:2:      layout_loops_ring, basic_altar
D:3:      layout_basic, uniq_grinder
D:4:      layout_basic, serial_shops, nicolae_shop_waterfront,
          dk_noncrumbling_3, uniq_duvessa

Skill      XL: |  1  2  3  4  5 |
---------------+----------------+-----
Dodging        | 3 |  3.8
Fighting       | 3 |  3.7
Throwing       | 1 |  1.7
Stealth        | 2 |  2.3
Unarmed Combat | 4 |  4.6

Action                   |  1- 3 |  4- 6 |  7- 9 || total
-------------------------+-------+-------+-------++-------
Melee: Unarmed           |    65 |   132 |     1 ||   198
       Punch             |     2 |     2 |       ||     4
 Stab: Sleeping          |     2 |     6 |       ||     8
Armor: Robe              |    26 |    31 |       ||    57
Dodge: Dodged            |    36 |    52 |       ||    88

Table legend: (Time is in decaauts)
 A = Elapsed time spent in this place.
 B = Non-inter-level travel time spent in this place.
 C = Inter-level travel time spent in this place.
 D = Time resting spent in this place.
 E = Time spent auto-exploring this place.
 F = Levels seen in this place.
 G = Mean time per level.
                   A        B        C        D        E       F      G
               +--------+--------+--------+--------+--------+-----+--------+
         Total |   2354 |   2279 |     75 |      0 |   1607 |   4 |  588.5 |
       Dungeon |   2354 |   2279 |     75 |      0 |   1607 |   4 |  588.5 |
               +--------+--------+--------+--------+--------+-----+--------+

Top non-repeatable levels by time:
     D:3: 685 daAuts
     D:2: 659 daAuts
     D:1: 565 daAuts
     D:4: 444 daAuts
